 Dungeon Crawl Stone Soup version 0.29-a0-845-g6161e89988 (webtiles) character file.

Game seed: 3090419631675870484

140 Spectrina the Covert (level 5, -2/31 HPs)
             Began as a Vampire Delver on July 16, 2022.
             Was an Initiate of Hepliaklqana.
             Slain by a bullfrog (7 damage)
             ... on level 5 of the Dungeon.
             The game lasted 00:02:40 (344 turns).

Spectrina the Covert (Vampire Delver)                Turns: 344, Time: 00:02:41

Health: -2/31      AC:  4    Str: 10 (11) XL:     5   Next: 2%
Magic:  5/5        EV: 12    Int: 11 (13) God:    Hepliaklqana [......]
Gold:   110        SH:  0    Dex: 14 (17) Spells: 4/4 levels left

rFire   . . .      SeeInvis +   l - +0 dagger
rCold   + + .      Faith    .   (no shield)
rNeg    + + +      Spirit   .   b - +0 leather armour
rPois   ∞          Reflect  .   (no helmet)
rElec   .          Harm     .   (no cloak)
rCorr   .          Rampage  .   (no gloves)
Will    .....                   m - +0 pair of boots
Stlth   ++++++....              (no amulet)
HPRegen 0.00/turn               (no ring)
MPRegen 0.09/turn               (no ring)

@: brilliant, attractive, bloodless, inhibited regen, hasted, very quick
A: bloodless, fangs 3, see invisible, vampiric 2
a: Bat Form, Revivify, Renounce Religion


You were on level 5 of the Dungeon.
You worshipped Hepliaklqana.
Hepliaklqana was noncommittal.
You visited 1 branch of the dungeon, and saw 3 of its levels.

You collected 110 gold pieces.

Inventory:

Hand Weapons
 a - a +0 short sword
 l - a +0 dagger (weapon)
Armour
 b - a +0 leather armour (worn)
 m - a +0 pair of boots (worn)
Wands
 g - a wand of digging (3)
Scrolls
 c - a scroll of fog
 d - a scroll of magic mapping
 e - a scroll of fear
 h - 2 scrolls of noise {unknown}
 k - a scroll of immolation {unknown}
 p - 2 scrolls of teleportation {unknown}


   Skills:
 - Level 2.6 Fighting
 + Level 4.3 Short Blades
 - Level 2.1 Dodging
 + Level 9.1 Stealth


You had 4 spell levels left.
You didn't know any spells.
Your spell library was empty.

Dungeon Overview and Level Annotations

Branches:
Dungeon (6/15)
 Temple: D:4-7

Altars:
Hepliaklqana


Innate Abilities, Weirdness & Mutations

You do not regenerate when monsters are visible.
You are frail without blood (-20% HP).
You can heal yourself when you bite living creatures.
You are immune to poison.
You have razor-sharp teeth.
You have supernaturally acute eyesight. (SInv)
You are afflicted with vampirism and can become a bat while bloodless.


Message History

The bullfrog hits you.
Unknown command.
It was a potion of degeneration.
There was something very wrong with that liquid.
You feel weakened.
You feel dopey.
You feel clumsy. The bullfrog closely misses you.
It was a potion of brilliance.
You feel clever all of a sudden. The bullfrog hits you.
* * * LOW HITPOINT WARNING * * *
The bullfrog closely misses you.
Unknown command.
It was a potion of attraction.
You feel attractive to monsters. The bullfrog hits you.
* * * LOW HITPOINT WARNING * * *
You closely miss the bullfrog. The bullfrog closely misses you.
You hit the bullfrog.
The bullfrog is lightly wounded.
The bullfrog closely misses you.
You hit the bullfrog but do no damage. Your bite misses the bullfrog.
The bullfrog is lightly wounded.
The bullfrog hits you.
* * * LOW HITPOINT WARNING * * *
The bullfrog barely misses you.
You closely miss the bullfrog.
The bullfrog hits you but does no damage.
You barely miss the bullfrog.
The bullfrog hits you but does no damage.
Okay, then.
Okay, then.
Okay, then.
You feel yourself speed up. The bullfrog closely misses you. x2
Unknown command.
You hit the bullfrog.
The bullfrog is moderately wounded.
You closely miss the bullfrog.
The bullfrog is moderately wounded.
The bullfrog hits you!
You die...

##.####.........##. ##
#..##.....#........
#.###.........#......#
..........÷...#.....##
.##.....<............#
##....................
#.....................
#..[#...................
#...#..@....###.........
#......F....#######.....
#...........#..##.......
###...#...................
#.#...[............... ..
###.#...##......<.#......
####........................
#...........................
#............................


You could see a bullfrog.

Vanquished Creatures
  An ogre (D:4)
  An iguana (D:5)
  3 adders (D:5)
  A dart slug (D:4)
6 creatures vanquished.

Notes
Turn   | Place    | Note
-------+----------+-------------------------------------------
     0 | D:5      | Spectrina the Vampire Delver began the quest for the Orb.
     0 | D:5      | Reached XP level 1. HP: 17/17 MP: 1/1
    75 | D:5      | Reached XP level 2. HP: 18/18 MP: 2/2
    98 | D:5      | Reached skill level 8 in Stealth
   160 | D:5      | Gained mutation: You are afflicted with vampirism and can
                  | become a bat while bloodless. [Vampire growth]
   160 | D:5      | Reached XP level 3. HP: 22/22 MP: 3/3
   171 | D:5      | Found a hazy altar of Hepliaklqana.
   191 | D:5      | Became a worshipper of Hepliaklqana the Forgotten
   255 | D:4      | Noticed an ogre
   262 | D:4      | Killed an ogre
   263 | D:4      | Reached skill level 9 in Stealth
   263 | D:4      | Reached XP level 4. HP: 27/27 MP: 4/4
   263 | D:4      | Reached XP level 5. HP: 31/31 MP: 5/5
   286 | D:4      | Noticed a black bear
   344 | D:5      | Slain by a bullfrog

Illustrated notes

Levels and vault maps discovered:
D:4:      layout_cave_pods, grunt_qazlal_sundering, minmay_vboxes, uniq_grinder
D:5:      layout_cave_pools, amcnicky_altar_gilded, xom_teletrap_fun
D:6:      layout_basic, kennysheep_mini,
          mainiacjoe_overflow_concentric_impassable, kennysheep_boxes

Skill      XL: |  1  2  3 |
---------------+----------+-----
Short Blades   | 3 4 |  4.3
Stealth        | 8 9 |  9.1
Fighting       | |  2.6
Dodging        | |  2.1

Action                   |  1- 3 |  4- 6 || total
-------------------------+-------+-------++-------
Melee: Short sword       |    10 |       ||    10
       Dagger            |     2 |     8 ||    10
       Bite              |     1 |       ||     1
 Abil: Exsanguinate      |     1 |       ||     1
  Use: Potion            |       |     5 ||     5
 Stab: Sleeping          |     4 |     1 ||     5
Armor: Leather armour    |       |     2 ||     2
Dodge: Dodged            |     6 |    10 ||    16

Table legend: (Time is in decaauts)
 A = Elapsed time spent in this place.
 B = Non-inter-level travel time spent in this place.
 C = Inter-level travel time spent in this place.
 D = Time resting spent in this place.
 E = Time spent auto-exploring this place.
 F = Levels seen in this place.
 G = Mean time per level.
                   A        B        C        D        E       F      G
               +--------+--------+--------+--------+--------+-----+--------+
         Total |    341 |    341 |      0 |      0 |      0 |   3 |  113.7 |
       Dungeon |    341 |    341 |      0 |      0 |      0 |   3 |  113.7 |
               +--------+--------+--------+--------+--------+-----+--------+

Top non-repeatable levels by time:
     D:5: 226 daAuts
     D:4: 106 daAuts
     D:6: 7 daAuts
